 Dungeon Crawl Stone Soup version 0.31-a0-441-g867994ef1c (webtiles) character file.

Game seed: 13390655893526254989

120 Dirtsage the Changeling (level 5, 0/35 HPs)
             Began as an Octopode Shapeshifter on Aug 2, 2023.
             Slain by a giant cockroach (1 damage)
             ... on level 4 of the Dungeon.
             The game lasted 00:04:27 (2027 turns).

Dirtsage the Changeling (Octopode Shapeshifter)     Turns: 2027, Time: 00:04:28

Health: 0/35       AC:  1    Str: 23    XL:     5   Next: 4%
Magic:  5/5        EV: 13    Int: 10    God:
Gold:   147        SH:  0    Dex: 12    Spells: 4/4 levels left

rFire   . .          .
                       - Unarmed
rCold   . . .        (no shield)
rNeg    . . .        (helmet currently unavailable)
rPois   .            j - amulet of regeneration
rElec   .            c - +6 ring of strength
rCorr   .            (no ring)
SInv    .            (no ring)
Will    .....        (no ring)
Stlth   ++           (no ring)
HPRegen 1.05/turn    (no ring)
MPRegen 0.09/turn    (no ring)
                     (no ring)

%: no passive effects
@: beast-form
A: beast (slay +2), almost no armour, amphibious, 8 rings, camouflage 1,
gelatinous body 1, (nimble swimmer 1), tentacles
a: Begin Untransformation


You were on level 4 of the Dungeon.
You were a hulking beast.
You visited 1 branch of the dungeon, and saw 4 of its levels.

You collected 147 gold pieces.

Inventory:

Jewellery
 c - a +6 ring of strength (left tentacle)
 j - an amulet of regeneration (around mantle)
Talismans
 b - a beast talisman (active)
Wands
 k - a wand of iceblast (8)
Scrolls
 d - a scroll of vulnerability {unknown}
 e - a scroll of enchant armour
 g - a scroll of silence
 m - a scroll of fog {unknown}
Potions
 a - a potion of lignification
 f - a potion of attraction {unknown}
 h - a potion of curing {unknown}
 i - 2 potions of resistance {unknown}
 l - 2 potions of heal wounds {unknown}


   Skills:
 + Level 2.3 Fighting
 - Level 2.0 Dodging
 + Level 3.7 Unarmed Combat
 * Level 4.1 Shapeshifting


You had 4 spell levels left.
You didn't know any spells.
Your spell library contained the following spells:

 Spells                   Type           Power      Damage    Failure   Level
 Magic Dart               Conj           0%         1d3       36%         1
 Sandblast                Erth           0%         2d4       36%         1
 Call Imp                 Summ           0%         N/A       50%         2
 Passwall                 Tmut/Erth      0%         N/A       50%         2
 Mephitic Cloud           Conj/Pois/Air  0%         N/A       75%         3
 Stone Arrow              Conj/Erth      0%         3d7       75%         3
 Animate Dead             Necr           0%         N/A       98%         4
 Borgnjor's Vile Clutch   Necr/Erth      0%         N/A       100%        5
 Death Channel            Necr           0%         N/A       100%        6


Dungeon Overview and Level Annotations

Branches:
Dungeon (4/15)
 Temple: D:4-7

Altars:
Sif Muna

Annotations:
D:3 1 runed translucent door, Crazy Yiuf


Innate Abilities, Weirdness & Mutations

You are a hulking beast.
Your limbs bulge with bestial killing power. (Slay +2)
You cannot wear most types of armour.
You are amphibious.
You can wear up to eight rings at the same time.
Your skin changes colour to match your surroundings (Stealth+).
Your rubbery body absorbs attacks. (AC +1, EV +1)
((You are camouflaged when in or above water. (Stealth+)))
You have tentacles for arms and can constrict up to eight enemies at once.


Message History

The orc wizard flickers and vanishes!
Deactivating autopickup; reactivate with Ctrl-A.
You have reached level 5!
You feel stronger.
Health restored: 35; MP restored: 5 You tentacle-slap the orc.
You grab the orc.
The orc is heavily wounded.
You constrict the orc.
The orc struggles to escape constriction.
You bludgeon the orc!
You kill the orc!
You tentacle-slap the orc. Your grab misses the orc.
Your squeeze misses the orc.
The orc is lightly wounded.
A quokka comes into view.
You tentacle-slap something but do no damage.
You barely miss something. Something hits you.
You take 6 damage, and have 29/35 hp.
You tentacle-slap something. The giant cockroach misses you.
The orc closely misses you. Something hits you.
Items here: )) [ †.
You take 4 damage, and have 26/35 hp.
You bludgeon the orc!
You kill the orc!
The giant cockroach closely misses you.
You hear some strange, mumbled words.
A magic dart appears from out of thin air!
The magic dart hits you!
You take 7 damage, and have 19/35 hp.
You tentacle-slap the giant cockroach but do no damage.
You grab the giant cockroach. You constrict the giant cockroach.
The giant cockroach bites you. Something hits you.
You take 5 damage, and have 14/35 hp.
You closely miss something. Your squeeze misses something.
You constrict the giant cockroach, but do no damage.
The giant cockroach barely misses you. Something hits you.
You are electrocuted!
* * * LOW HITPOINT WARNING * * *
The giant cockroach bites you.
You die...

#.......#.....
.......#.....
........#...
...........
..........
......[.. #
#)Br..... ..#.
##h# .....#{.#
#......###
##...#.#.##
#.###....#
.###.##...#..#
.........##
....
###..##.##
.... ..#
#...#.###...##


You could see a quokka and a giant cockroach.

Vanquished Creatures
  Jessica (D:2)
  A gnoll (D:1)
  4 adders
  2 dart slugs
  4 orcs
  4 bats
  5 endoplasms
  A giant cockroach (D:2)
  4 goblins
  A hobgoblin (D:1)
  4 kobolds
  A quokka (D:1)
  2 ball pythons
  4 frilled lizards
  3 rats
41 creatures vanquished.

Notes
Turn   | Place    | Note
-------+----------+-------------------------------------------
     0 | D:1      | Dirtsage the Octopode Shapeshifter began the quest for the
                  | Orb.
     0 | D:1      | Reached XP level 1. HP: 13/13 MP: 1/1
   124 | D:1      | Reached XP level 2. HP: 4/18 MP: 2/2
   331 | D:1      | Reached XP level 3. HP: 22/23 MP: 3/3
   919 | D:2      | Noticed Jessica
   926 | D:2      | Killed Jessica
   927 | D:2      | Reached XP level 4. HP: 25/29 MP: 4/4
  1445 | D:3      | Reached skill level 4 in Shapeshifting
  1607 | D:3      | Found a faded altar of an unknown god.
  1868 | D:3      | Found a shimmering blue altar of Sif Muna.
  1972 | D:3      | Found a runed translucent door.
  1973 | D:3      | Noticed Crazy Yiuf
  2017 | D:4      | Reached XP level 5. HP: 35/35 MP: 5/5
  2027 | D:4      | HP: 1/35 [something (10)]
  2027 | D:4      | Slain by a giant cockroach

Illustrated notes

Levels and vault maps discovered:
D:1:      dpeg_arrival_arbitrary_c, layout_loops_ring, nicolae_grassy_gnolls
D:2:      layout_basic, kennysheep_generic_room_12, uniq_jessica
D:3:      layout_basic, nicolae_sif_muna_condensation,
          hellmonk_ecumenical_altar_crossroads, uniq_crazy_yiuf_cottage
D:4:      layout_cave_pools, mainiacjoe_overflow_cross_hatched,
          general_overflow_altar, kennysheep_mini, grunt_decor_junction

Skill      XL: |  1  2  3  4 |
---------------+-------------+-----
Fighting       | 2 |  2.3
Shapeshifting  | 4 |  4.1
Dodging        | |  2.0
Unarmed Combat | |  3.7

Action                     |  1- 3 |  4- 6 || total
---------------------------+-------+-------++-------
  Melee: Unarmed           |    40 |    38 ||    78
         Constrict         |    12 |     8 ||    20
         Tentacles         |     8 |     5 ||    13
         Punch             |       |     1 ||     1
    Use: Scroll            |       |     5 ||     5
   Stab: Sleeping          |     2 |     3 ||     5
  Dodge: Dodged            |    22 |    14 ||    36

Table legend: (Time is in decaauts)
 A = Elapsed time spent in this place.
 B = Non-inter-level travel time spent in this place.
 C = Inter-level travel time spent in this place.
 D = Time resting spent in this place.
 E = Time spent auto-exploring this place.
 F = Levels seen in this place.
 G = Mean time per level.
                   A        B        C        D        E       F      G
               +--------+--------+--------+--------+--------+-----+--------+
         Total |   2021 |   1960 |     61 |      0 |   1696 |   4 |  505.2 |
       Dungeon |   2021 |   1960 |     61 |      0 |   1696 |   4 |  505.2 |
               +--------+--------+--------+--------+--------+-----+--------+

Top non-repeatable levels by time:
     D:1: 699 daAuts
     D:3: 644 daAuts
     D:2: 643 daAuts
     D:4: 33 daAuts
